Description

+1 roach attack with speed

Replay - +1 roach timing

Build Order

Get SALT Encoding   

  12  0:01  Drone  
  13  0:13  Overlord  
  13  0:17  Drone  
  14  0:31  Drone x2  
  16  0:50  Hatchery  
  16  0:53  Drone x2  
  17  1:12  Spawning Pool  
  17  1:15  Drone x2  
  18  1:22  Drone  
  19  1:28  Drone  
  20  1:36  Extractor  
  19  1:42  Drone  
  20  1:50  Overlord  
  20  2:00  Queen x2  
  22  2:04  Zergling x4  
  26  2:12  Drone x2  
  28  2:22  Drone x2  
  30  2:34  Overlord  
  30  2:35  Drone  
  31  2:40  Lair  
  31  2:42  Queen  
  31  2:44  Drone  
  34  2:50  Drone  
  35  2:55  Drone x2  
  37  3:06  Evolution Chamber x2  
  37  3:09  Roach Warren  
  34  3:13  Drone  
  34  3:15  Extractor x2  
  32  3:21  Overlord  
  32  3:24  Drone x6  
  38  3:34  Zerg Missile Weapons Level 1  
  38  3:37  Drone  
  39  3:47  Overlord x2  
  39  3:49  Glial Reconstitution  
  39  4:08  Overlord  
  39  4:10  Roach x5  
  39  4:16  Roach x2  
  51  4:22  Roach x2  
  55  4:29  Roach x2  
  61  4:39  Roach x3  
  67  4:46  Roach x2  
  71  4:57  Roach x2  
  75  5:01  Overlord  
  75  5:12  Overlord  
  75  5:19  Roach x4  
  83  5:23  Overlord  
  83  5:31  Roach x2  
  84  5:45  Roach x4  
  88  6:06  Roach x6  
  88  6:10  Overlord  
  98  6:13  Ravager  
  99  6:28  Roach x3  
  99  6:29  Overlord x2  
Spawning Tool Build Advisor. Get it on Overwolf

Go to:

Details

  • Created by: simmen
  • Published on: Jan 28, 2020
  • Modified on: Jan 28, 2020
  • Patch: 4.11.0
Show
View Real Time Build Order
Export as new Build Order

Comments (0)

There are no comments. Be the first!

Create an account to comment!